 Dungeon Crawl Stone Soup version 0.13-a0-3140-gbdcfb35 (webtiles) character file.

484 PolkaDot the Ruinous (level 6, -2/39 HPs)
             Began as a Vampire Wizard on Sept 22, 2013.
             Killed by divine providence
             ... invoked by an orc priest
              (13 damage)
             ... on Level 5 of the Dungeon.
             The game lasted 00:19:49 (4347 turns).

PolkaDot the Ruinous (Vampire Wizard)               Turns: 4347, Time: 00:19:51

HP  -2/39        AC  4     Str  6      XL: 6   Next: 24%
MP   7/15        EV 12     Int 22      God:
Gold 158         SH  0     Dex 12      Spells:  3 memorised,  4 levels left

Res.Fire  : + . .   See Invis. : +   h - +2,+1 short sword (curse)
Res.Cold  : x . .   Warding    : .   i - +0 elf robe
Life Prot.: + . .   Conserve   : .   (no shield)
Res.Poison: .       Res.Corr.  : .   b - +0 wizard hat
Res.Elec. : .       Clarity    : .   d - +0 cloak
Sust.Abil.: . .     Spirit.Shd : .   (no gloves)
Res.Mut.  : .       Rnd.Telep. : +   a - +0 pair of elf boots
Res.Rott. : .       Flight     : .   (no amulet)
Saprovore : . . .                    p - cursed ring of teleportation
                                     f - cursed ring of fire

@: slightly resistant to hostile enchantments, stealthy
A: bottle blood, fangs 3, see invisible, unbreathing
a: Bat Form, Bottle Blood, Evoke Teleportation


You were on level 5 of the Dungeon.
You were not thirsty.

You visited 1 branch of the dungeon, and saw 5 of its levels.

You collected 138 gold pieces.

Inventory:

Hand weapons
 h - a cursed +2,+1 short sword (weapon)
Armour
 a - a +0 pair of elven boots (worn)
 b - a +0 wizard hat (worn)
 d - a +0 cloak (worn)
 i - a +0 elven robe (worn)
Scrolls
 j - a scroll of amnesia
Jewellery
 e - an uncursed ring of wizardry {unknown}
 f - a cursed ring of fire (left hand)
 m - an uncursed ring of see invisible
 p - a cursed ring of teleportation (right hand)
Books
 c - a book of Minor Magic

   Spells                             Type                      Level
   *Magic Dart                        Conjuration                  1
   Blink                              Translocation                2
   Call Imp                           Summoning                    2
   Repel Missiles                     Charms/Air                   2
   Slow                               Hexes                        2
   *Conjure Flame                     Conjuration/Fire             3
   *Mephitic Cloud                    Conjuration/Poison/Air       3


   Skills:
 - Level 2.1 Dodging
 - Level 3.0 Stealth
 - Level 3.0 Spellcasting
 * Level 4.8 Conjurations
   Level 1.0 Summonings
   Level 0.7 Translocations


You had 4 spell levels left.
You knew the following spells:

 Your Spells              Type           Power        Failure   Level  Hunger
a - Magic Dart            Conj           ###.         1%          1    None
d - Mephitic Cloud        Conj/Pois/Air  ##......     21%         3    ###....
s - Conjure Flame         Conj/Fire      ###.....     14%         3    ###....


Dungeon Overview and Level Annotations

Branches:
Dungeon (5/27)
 Temple: D:4-7

Altars:
Nemelex Xobeh
Zin


Innate Abilities, Weirdness & Mutations

You can bottle blood from corpses.
You have razor-sharp teeth.*
You have supernaturally acute eyesight.
You can survive without breathing.*


Message History

a hobgoblin skeleton
Items here: %% )) [ an orcish dagger; an orcish club; an orcish robe; an orc corpse a hobgoblin skeleton Drink blood from an orc corpse? (ye/n/q/i?) Somehow this blood was not very filling!
You feel somewhat less thirsty.
You stop draining the corpse.
All blood oozes out of the corpse!
Casting: Mephitic Cloud
Confirm with . or Enter, or press ? or * to list all spells.
Aiming: Mephitic Cloud
Press: ? - help, Shift-Dir - straight line, f - orc priest
Aim: an orc priest, wielding an orcish dagger and wearing an orcish chain mail (moderately wounded)
The beam explodes into a vile cloud!
The stinking cloud engulfs the orc priest.
The orc priest is moderately wounded.
The orc priest is engulfed in noxious fumes.
The orc priest invokes the aid of Beogh against you.
Something smites you!
You die...

...# #..#
...####..#
..........# #.#
#.# #.# #.# #@#
###.# #.).#
#ยง### #.#.##o#
......#.######
#........o..#
#...o..####c##
..#......$....#


You could see an orc priest.

Vanquished Creatures
  An orc priest (D:4)
  An orc wizard (D:5)
  A hound (D:4)
  3 worker ants
  An iguana (D:4)
  6 adders
  A giant mite (D:4)
  2 giant geckos (D:3)
  11 orcs
  2 ball pythons
  2 giant cockroaches
  12 goblins
  15 hobgoblins
  6 jackals
  7 kobolds
  A ball python skeleton (D:4)
  12 bats
  4 giant newts
  A kobold skeleton (D:4)
  6 rats
95 creatures vanquished.

Notes
Turn   | Place    | Note
--------------------------------------------------------------
     0 | D:1      | PolkaDot, the Vampire Wizard, began the quest for the Orb.
     0 | D:1      | Reached XP level 1. HP: 11/11 MP: 6/6
    46 | D:1      | Reached skill level 1 in Conjurations
   322 | D:1      | Reached XP level 2. HP: 15/17 MP: 0/8
  1005 | D:2      | Reached XP level 3. HP: 12/22 MP: 10/10
  1425 | D:2      | Reached XP level 4. HP: 26/28 MP: 12/12
  1750 | D:2      | Found a glowing silver altar of Zin.
  1965 | D:3      | Noticed an ice beast
  2183 | D:3      | Found a sparkling altar of Nemelex Xobeh.
  2441 | D:2      | Learned a level 3 spell: Conjure Flame
  2445 | D:2      | Learned a level 3 spell: Mephitic Cloud
  3300 | D:4      | Reached XP level 5. HP: 18/33 MP: 7/13
  3440 | D:4      | Reached skill level 4 in Conjurations
  4023 | D:4      | Reached XP level 6. HP: 27/39 MP: 10/15
  4091 | D:5      | Entered Level 5 of the Dungeon
  4347 | D:5      | Killed from afar by an orc priest

Action                   |  1- 3 |  4- 6 || total
-------------------------+-------+-------++-------
Melee: Dagger            |     6 |       ||     6
       Unarmed           |     2 |       ||     2
       Short sword       |    75 |   168 ||   243
 Cast: Magic Dart        |    47 |   100 ||   147
       Mephitic Cloud    |       |     7 ||     7
       Conjure Flame     |       |     2 ||     2
  Use: Potion            |     3 |     2 ||     5
       Scroll            |       |    15 ||    15
 Stab: Sleeping          |     1 |     5 ||     6
       Distracted        |     1 |       ||     1
       Confused          |       |     1 ||     1
